 Dungeon Crawl Stone Soup version 0.30.1-4-g462c640d31 (webtiles) character file.

Game seed: 1619936035954474728

591 growler the Trooper (level 7, -3/58 HPs)
             Began as a Demonspawn Gladiator on Aug 16, 2023.
             Was an Initiate of Gozag.
             Slain by an orc warrior
             ... wielding a +0 scimitar
              (13 damage)
             ... on level 5 of the Dungeon.
             The game lasted 00:07:17 (3570 turns).

growler the Trooper (Demonspawn Gladiator)          Turns: 3570, Time: 00:07:18

Health: -3/58      AC:  6    Str: 14    XL:     7   Next: 16%
Magic:  7/7        EV: 12    Int: 12    God:    Gozag
Gold:   133        SH:  0    Dex: 14    Spells: 6/6 levels left

rFire   . . .        a - +0 war axe
rCold   . . .        (no shield)
rNeg    . . .        b - +0 leather armour
rPois   .            c - +0 helmet
rElec   .            (no cloak)
rCorr   .            (no gloves)
SInv    .            (no boots)
Will    .....        (no amulet)
Stlth   +            (no ring)
HPRegen 0.29/turn    (no ring)
MPRegen 0.10/turn

%: no passive effects
@: about to teleport, gold aura
A: molten scales 1, powered by death 1, demonic touch 2
a: Renounce Religion, Potion Petition, Call Merchant, Bribe Branch


You were on level 5 of the Dungeon.
You worshipped Gozag.
Gozag was aware of your devotion.
You visited 1 branch of the dungeon, and saw 5 of its levels.

You collected 173 gold pieces.
You paid 40 gold pieces to Gozag.

Inventory:

Hand Weapons
 a - a +0 war axe (weapon)
Missiles
 d - 2 throwing nets (quivered)
 e - a javelin
Armour
 b - a +0 leather armour (worn)
 c - a +0 helmet (worn)
Wands
 t - a wand of digging (6)
Scrolls
 f - 4 scrolls of identify {unknown}
 g - 3 scrolls of teleportation
 h - a scroll of fog {unknown}
 l - a scroll of blinking {unknown}
 m - a scroll of vulnerability {unknown}
 p - a scroll of silence {unknown}
 r - 2 scrolls of enchant armour {unknown}
 u - a scroll of immolation {unknown}
 v - a scroll of fear {unknown}
 w - a scroll of amnesia {unknown}
Potions
 i - 2 potions of curing
 j - a potion of might {unknown}
 k - 3 potions of flight {unknown}
 n - a potion of invisibility {unknown}
 o - a potion of degeneration {unknown}
 s - a potion of magic {unknown}


   Skills:
 + Level 6.1 Fighting
 + Level 5.3 Axes
 - Level 1.7 Throwing
 - Level 2.6 Dodging


You had 6 spell levels left.
You didn't know any spells.
Your spell library was empty.

Dungeon Overview and Level Annotations

Branches:
Dungeon (5/15)
 Temple: D:4-7

Altars:
Dithmenos
Gozag
Makhleb

Annotations:
D:1 1 transporter


Innate Abilities, Weirdness & Mutations

You are partially covered in molten scales. (AC +2)
You regenerate a little health from kills.
Your touch may inflict irresistible damage on your foes.


Message History

The hound barks!
You hit the hound.
The hound is no longer distracted by gold.
Your touch misses the hound.
The hound is almost dead.
You feel sick. The hound bites you.
* * * LOW HITPOINT WARNING * * *
The hound closely misses you.
The orc priest is distracted by your dazzling golden aura.
The orc completely misses you.
You closely miss the hound.
The orc priest shouts!
You touch the hound.
You kill the hound!
You feel sick.
The orc hits you from afar with a +0 trident.
* * * LOW HITPOINT WARNING * * *
You feel much better.
You feel sick. The orc barely misses you.
You feel sick.
You are no longer poisoned.
The orc barely misses you.
Things that are here:
6 gold pieces; a +0 mace You slash the orc!
You kill the orc!
You hit the orc warrior.
The orc warrior hits you with a +0 scimitar.
You closely miss something. Your touch misses something.
You closely miss the orc warrior.
The orc priest is no longer distracted by gold.
Something hits you.
The orc warrior hits you with a +0 scimitar!
* * * LOW HITPOINT WARNING * * *
Something hits you but does no damage.
Okay, then.
As you read the scroll labelled DIRAITYEPP, it crumbles to dust.
You feel strangely unstable.
It was a scroll of teleportation.
The orc warrior hits you with a +0 scimitar!
You die...
Your body crumbles into a pile of gold.

~~~~~~..~~~~~~
~~~~~..~~~~~~ .
~~~~h.~~~~~~ #.#
~~~..~~~~~# ....
~~..~~~~# $ .....
~..~~~ .
......######''####...
.....o$@o$.........#
###########....#####
###>## #....##
#######.....# #
#...........# #
#.####......# #
#......# # #......#
######


You could see an orc warrior and an orc priest.

Vanquished Creatures
  Edmund (D:4)
  A water moccasin (D:5)
  A kobold brigand (D:4)
  A scorpion (D:5)
  2 hounds
  An orc wizard (D:4)
  An iguana (D:5)
  Terence (D:3)
  4 adders
  2 worms
  2 dart slugs (D:3)
  8 orcs
  7 ball pythons
  9 bats
  6 endoplasms
  3 giant cockroaches
  2 goblins
  10 hobgoblins
  4 kobolds (D:1)
  3 quokkas
  4 frilled lizards
  3 rats
76 creatures vanquished.

Notes
Turn   | Place    | Note
-------+----------+-------------------------------------------
     0 | D:1      | growler the Demonspawn Gladiator began the quest for the
                  | Orb.
     0 | D:1      | Reached XP level 1. HP: 16/16 MP: 1/1
   178 | D:1      | Gained mutation: Your touch may inflict minor irresistible
                  | damage on your foes. [demonic ancestry]
   178 | D:1      | Reached XP level 2. HP: 19/23 MP: 2/2
   333 | D:1      | Reached skill level 3 in Fighting
   808 | D:2      | Gained mutation: You regenerate a little health from kills.
                  | [demonic ancestry]
   808 | D:2      | Reached XP level 3. HP: 29/29 MP: 3/3
   876 | D:2      | Found a faded altar of an unknown god.
  1113 | D:2      | You fall into a shaft and drop 1 floor!
  1126 | D:3      | Found a shadowy altar of Dithmenos.
  1574 | D:3      | Noticed Terence
  1593 | D:3      | Killed Terence
  1594 | D:3      | Reached skill level 4 in Fighting
  1594 | D:3      | Gained mutation: Your touch may inflict irresistible damage
                  | on your foes. [demonic ancestry]
  1594 | D:3      | Reached XP level 4. HP: 21/37 MP: 4/4
  2075 | D:3      | Found a burning altar of Makhleb.
  2676 | D:4      | Noticed a kobold brigand
  2684 | D:4      | Killed a kobold brigand
  2685 | D:4      | Reached XP level 5. HP: 28/43 MP: 5/5
  2806 | D:4      | Noticed Edmund
  2827 | D:4      | Killed Edmund
  2828 | D:4      | Reached skill level 5 in Fighting
  2828 | D:4      | Gained mutation: You are partially covered in molten
                  | scales. (AC +2) [demonic ancestry]
  2828 | D:4      | Reached XP level 6. HP: 35/51 MP: 6/6
  3236 | D:4      | Found an opulent altar of Gozag.
  3382 | D:4      | Became a worshipper of Gozag Ym Sagoz the Greedy
  3397 | D:5      | Entered Level 5 of the Dungeon
  3544 | D:5      | Noticed a water moccasin
  3561 | D:5      | Killed a water moccasin
  3562 | D:5      | Reached skill level 6 in Fighting
  3562 | D:5      | Reached skill level 5 in Axes
  3562 | D:5      | Reached XP level 7. HP: 19/58 MP: 7/7
  3570 | D:5      | Slain by an orc warrior

Illustrated notes

Levels and vault maps discovered:
D:1:      spicycebolla_arrival_risky_transporter, layout_loops_ring
D:2:      layout_loops_cross, ebering_ecumenical_altar_sacrificial
D:3:      layout_basic, mainiacjoe_overflow_alcove_2, tso_metal_star,
          nicolae_dithmenos_shadow_blocks, uniq_terence
D:4:      layout_basic, kennysheep_mini_moat, grunt_ministairs_2, uniq_edmund
D:5:      kennysheep_big_flooded_room, layout_basic

Skill      XL: |  1  2  3  4  5  6 |
---------------+-------------------+-----
Fighting       | 3 4 5 6 |  6.1
Axes           | 3 4 5 |  5.3
Throwing       | |  1.7
Dodging        | |  2.6

Action                     |  1- 3 |  4- 6 |  7- 9 || total
---------------------------+-------+-------+-------++-------
  Melee: War axe           |    98 |   102 |     6 ||   206
         Punch             |     1 |     2 |       ||     3
         Touch             |     7 |    13 |     3 ||    23
  Throw: Throwing net      |       |     2 |       ||     2
    Use: Potion            |     1 |     2 |     1 ||     4
         Scroll            |       |       |     1 ||     1
   Stab: Sleeping          |     1 |       |       ||     1
         Held in net/web   |       |     2 |       ||     2
 Armour: Leather armour    |    36 |    41 |     2 ||    79
  Dodge: Dodged            |    83 |    59 |     7 ||   149
